 Dungeon Crawl Stone Soup version 0.19-a0-1277-g7cecae3 (webtiles) character file.

44 Deemzul the Skirmisher (level 3, -2/29 HPs)
             Began as a Demonspawn Berserker on Aug 30, 2016.
             Was a Follower of Trog.
             Slain by a worm (11 damage)
             ... on level 2 of the Dungeon.
             The game lasted 00:00:52 (718 turns).

Deemzul the Skirmisher (Demonspawn Berserker)        Turns: 718, Time: 00:00:52

Health: -2/29      AC:  2    Str: 17    XL:     3   Next: 41%
Magic:  3/3        EV: 12    Int:  8    God:    Trog [*.....]
Gold:   20         SH:  0    Dex: 13    Spells: 0 memorised, 2 levels left

rFire  . . .     SeeInvis .     a - +0 falchion
rCold  . . .     Gourm    .     b - +0 animal skin
rNeg   . . .     Faith    .     (no shield)
rPois  .         Spirit   .     (helmet restricted)
rElec  .         Dismiss  .     (no cloak)
rCorr  .         Reflect  .     (no gloves)
MR     .....     Harm     .     (no boots)
Stlth  +.........               (no amulet)
                                (no ring)
                                (no ring)

@: no status effects
A: horns 1
a: Berserk, Burn Spellbooks, Renounce Religion


You were on level 2 of the Dungeon.
You worshipped Trog.
Trog was aware of your devotion.
You were not hungry.

You visited 1 branch of the dungeon, and saw 2 of its levels.

You collected 20 gold pieces.

Inventory:

Hand Weapons
 a - a +0 falchion (weapon)
Missiles
 j - 2 stones (quivered)
Armour
 b - a +0 animal skin (worn)
Scrolls
 d - 2 scrolls of magic mapping {unknown}
 e - 2 scrolls of remove curse {unknown}
 g - a scroll of fear {unknown}
 h - a scroll of recharging {unknown}
Potions
 i - a potion of resistance
 k - 2 potions of might {unknown}
 l - a potion of lignification {unknown}
 m - 2 potions of mutation {unknown}
 n - a potion of curing {unknown}
 o - a potion of invisibility {unknown}
 p - a potion of haste {unknown}
Comestibles
 c - 2 bread rations
 f - a slice of pizza


   Skills:
 + Level 3.4 Fighting
 * Level 3.1 Long Blades
 + Level 2.2 Armour
 + Level 2.2 Dodging


You had 2 spell levels left.
You didn't know any spells.

Dungeon Overview and Level Annotations

Branches:
Dungeon (2/15)

Altars:


Innate Abilities, Weirdness & Mutations

You have a pair of small horns on your head.


Message History

The worm is lightly wounded.
Throwing (i - inventory):
j - 4 stones (quivered)
Press: ? - help, Shift-Dir - straight line, f/p - worm
Aim: a worm (lightly wounded)
You throw a stone.
The stone hits the worm but does no damage.
The worm is lightly wounded.
Throwing (i - inventory):
j - 3 stones (quivered)
Press: ? - help, Shift-Dir - straight line, f/p - worm
Aim: a worm You throw a stone.
The stone hits the worm.
The worm is lightly wounded.
Throwing (i - inventory):
j - 2 stones (quivered)
Press: ? - help, Shift-Dir - straight line, f/p - worm
Aim: a worm (lightly wounded)
Okay, then.
You slash the worm!
The worm is heavily wounded.
The worm bites you!
You die...

###########.......
#.................
#.########........ #.#
#.....###
###(########.....#
#...(.....########
#....(....# #.....w...#
### #.....@...# #.###
#......)..#########.#..
#..>.....).........(#.#
#.........#####.###.'.#
##########....#...#.'.†
#.#......#.#.#
#.####...#.#..
#######.# #...#.###
#.......# #######


You could see a worm.

Vanquished Creatures
  An adder (D:2)
  A worm (D:2)
  4 dart slugs
  4 hobgoblins (D:1)
  4 kobolds
  2 bats (D:1)
  3 giant newts (D:1)
  2 goblins
  4 rats (D:1)
25 creatures vanquished.

Notes
Turn   | Place    | Note
-------+----------+-------------------------------------------
     0 | D:1      | Deemzul the Demonspawn Berserker began the quest for the Orb.
     0 | D:1      | Reached XP level 1. HP: 18/18 MP: 1/1
   163 | D:1      | Gained mutation: You have a pair of small horns on your head. [demonic ancestry]
   163 | D:1      | Reached XP level 2. HP: 24/24 MP: 2/2
   604 | D:2      | Reached XP level 3. HP: 14/29 MP: 3/3
   718 | D:2      | Slain by a worm

Vault maps used:
D:1:      dpeg_arrival_pits, hex_large, minmay_fountain_box,
          minmay_misc_feat_plants
D:2:      serial_undead, serial_undead_e, serial_undead_a, serial_undead_b,
          serial_undead_b, kennysheep_generic_room_12

Skill      XL: |  1  2 |
---------------+-------+-----
Dodging        | 2 |  2.2
Armour         | 2 |  2.2
Long Blades    | 3 |  3.1
Fighting       | |  3.4

Action                   || total
-------------------------++-------
Melee: Falchion          ||    69
       Headbutt          ||    12
Throw: Stone             ||     4
Armor: Animal skin       ||     6
Dodge: Dodged            ||    45
